Map: Lightshade LE

Players

HuShang

  • Race: Protoss Protoss
  • Spawn Location: 11:00

A.I. 1 (Very Easy) - Winner!

  • Race: Protoss Protoss
  • Spawn Location: 5:00

VOD

Have the link to the VOD?

Description

Time

  • Played on: Nov. 28, 2020, 1 p.m.
  • Length: 5:09
Show
View Real Time Build Order
Export as new Build Order

HuShang Protoss 

Build Orders:  

Get SALT Encoding   

  12  0:00  Probe  
  13  0:12  Probe  
  14  0:17  Pylon  
  14  0:24  Probe (Chrono Boost)  
  15  0:37  Probe (Chrono Boost), Gateway  
  16  0:44  Probe (Chrono Boost)  
  16  0:47  Assimilator  
  17  0:51  Probe  
  17  0:55  Assimilator  
  18  1:03  Probe (Chrono Boost)  
  19  1:10  Gateway  
  19  1:13  Probe (Chrono Boost)  
  19  1:18  Probe (Chrono Boost)  
  21  1:27  Cybernetics Core  
  21  1:29  Probe  
  22  1:36  Pylon  
  22  1:41  Probe  
  23  1:54  Probe  
  24  2:01  Warp Gate (Chrono Boost)  
  24  2:03  Stalker  
  24  2:06  Pylon  
  24  2:07  Sentry  
  28  2:28  Nexus  
  28  2:35  Probe  
  28  2:36  Sentry  
  31  2:42  Sentry  
  33  2:44  Shield Battery  
  33  2:48  Probe  
  34  2:53  Pylon  
  34  3:00  Probe  
  35  3:09  Stalker  
  35  3:12  Probe (Chrono Boost)  
  38  3:13  Stalker  
  40  3:24  Probe (Chrono Boost)  
  40  3:25  Pylon  
  41  3:30  Probe (Chrono Boost)  
  42  3:34  Twilight Council  
  43  3:42  Probe (Chrono Boost)  
  43  3:44  Probe (Chrono Boost)  
  44  3:51  Stalker  
  44  3:52  Probe (Chrono Boost)  
  44  3:55  Probe (Chrono Boost)  
  48  3:57  Probe (Chrono Boost)  
  48  4:01  Stalker  
  51  4:04  Probe  
  51  4:08  Probe  
  53  4:16  Probe, Stalker  
  57  4:24  Probe, Forge  
  57  4:28  Probe  
  58  4:36  Probe  
  59  4:40  Probe  
  59  4:42  Nexus  
  60  4:47  Pylon  
  60  4:48  Assimilator  
  60  4:50  Probe  
  61  4:54  Stalker  
  61  4:57  Stalker  
Show
View Real Time Build Order
Export as new Build Order

A.I. 1 (Very Easy) Protoss - Winner!

Build Orders: 1 Gate Expand, Nexus First 

Get SALT Encoding   

  12  0:00  Probe  
  13  0:13  Probe  
  14  0:20  Pylon  
  14  0:43  Gateway  
  14  1:00  Nexus  
  14  1:20  Pylon  
  14  1:21  Zealot  
  14  1:24  Assimilator  
  16  1:36  Cybernetics Core  
  16  1:38  Probe  
  17  1:50  Probe  
  18  1:59  Assimilator  
  18  2:03  Probe  
  18  2:06  Stalker  
  19  2:15  Probe  
  22  2:17  Probe  
  23  2:27  Probe  
  23  2:28  Warp Gate  
  24  2:31  Probe  
  25  2:39  Probe  
  26  2:45  Pylon  
  26  2:46  Probe  
  27  2:53  Probe  
  28  2:59  Probe  
  29  3:07  Probe  
  29  3:10  Probe  
  30  3:13  Robotics Facility  
  31  3:21  Probe, Zealot  
  32  3:27  Assimilator  
  32  3:28  Probe  
  35  3:36  Probe  
  36  3:43  Probe  
  37  3:50  Probe  
  38  3:56  Assimilator  
  38  3:57  Probe  
  38  4:02  Observer  
  40  4:04  Probe  
  41  4:12  Probe  
  41  4:16  Probe, Observer  
  44  4:26  Probe  
  44  4:29  Probe  
  44  4:30  Pylon  
  46  4:41  Probe  
  46  4:45  Sentry  
  49  4:48  Probe  
Tags
 
Add a new tag
Caveats
  • Supply blocks, unpowered buildings, or Contaminate may cause inaccurate times.
  • Supply counts are checked every 10 seconds.